 Dungeon Crawl Stone Soup version 0.30.0-30-g96aa6591b8 (webtiles) character file.

Game seed: 5495879232925058952

5973 AgateBread the Arsonist (level 10, -3/88 HPs)
             Began as a Hill Orc Fire Elementalist on June 30, 2023.
             Was an Initiate of Vehumet.
             Slain by a cyan ugly thing (14 damage)
             ... on level 8 of the Dungeon on July 1, 2023.
             The game lasted 01:23:22 (16064 turns).

AgateBread the Arsonist (HOFE)                     Turns: 16064, Time: 01:23:23

Health: -3/88      AC: 10    Str: 18    XL:     10   Next: 84%
Magic:  1/16       EV: 11    Int: 17    God:    Vehumet [......]
Gold:   314        SH:  0    Dex: 13    Spells: 2/17 levels left

rFire   . . .        x - +0 falchion (flame)
rCold   . . .        (no shield)
rNeg    . . .        C - +0 acid dragon scales
rPois   .            (no helmet)
rElec   .            b - +0 cloak
rCorr   +            i - +0 pair of gloves
SInv    .            (no boots)
Will    .....        (no amulet)
Stlth   +            f - +6 ring of strength
HPRegen 0.34/turn    (no ring)
MPRegen 0.15/turn

%: no passive effects
@: flying
A: no striking features
a: Renounce Religion


You were on level 8 of the Dungeon.
You worshipped Vehumet.
Vehumet was noncommittal.
You visited 2 branches of the dungeon, and saw 9 of its levels.
You also visited: Sewer.

You collected 518 gold pieces.
You spent 204 gold pieces at shops.

Inventory:

Hand Weapons
 e - a +0 falchion of protection
 k - a +2 heavy long sword
 m - a +2 short sword of venom
 u - a +1 hand axe of electrocution
 x - a +0 falchion of flaming (weapon)
 E - a +0 long sword
 I - a +0 dagger of venom
Missiles
 j - a boomerang of dispersal
 q - 25 poisoned darts
Armour
 a - +0 steam dragon scales
 b - a +0 cloak (worn)
 i - a +0 pair of gloves (worn)
 p - a +0 chain mail
 s - a +2 robe of willpower
 v - the +1 robe "Nusaequn" {rC+ Regen+ Int+2}
   (You bought it in a shop on level 2 of the Dungeon)

   Int:       It affects your intelligence (+2).
   rC:        It protects you from cold.
   Regen:     It increases your rate of health regeneration.
 y - a +1 leather armour of willpower
 C - +0 acid dragon scales (worn)
Jewellery
 f - a +6 ring of strength (left hand)
 H - a +6 ring of dexterity
 K - a ring of magical power
Wands
 n - a wand of charming (3)
 A - a wand of iceblast (10)
Scrolls
 d - 4 scrolls of teleportation
 h - a scroll of fog
 l - 3 scrolls of enchant armour
 r - 4 scrolls of immolation
 B - a scroll of identify
 D - 3 scrolls of brand weapon
 G - 2 scrolls of torment
Potions
 c - a potion of ambrosia {unknown}
 g - 2 potions of curing
 o - a potion of mutation {unknown}
 t - 3 potions of might {unknown}
 w - 2 potions of flight
 z - 3 potions of lignification
 F - a potion of cancellation {unknown}
 J - a potion of attraction {unknown}


   Skills:
 - Level 8.0 Fighting
 + Level 4.5 Long Blades
 - Level 8.0 Armour
 - Level 1.5 Dodging
 - Level 1.5 Stealth
 - Level 4.0 Spellcasting
 - Level 7.0 Conjurations
 + Level 3.4 Translocations
 + Level 8.0 Fire Magic


You had 2 spell levels left.
You knew the following spells:

 Your Spells              Type           Power      Damage    Failure   Level
a - Foxfire               Conj/Fire      100%       2x1d9     1%          1
b - Scorch                Fire           60%        2d7       1%          2
c - Flame Wave            Conj/Fire      29%        2d9       9%          4
d - Volatile Blastmotes   Fire/Tloc      44%        2d13      6%          3
e - Blink                 Tloc           30%        N/A       8%          2
f - Ignite Poison         Fire/Tmut/Pois 12%        N/A       21%         3

Your spell library contained the following spells:

 Spells                   Type           Power      Damage    Failure   Level
 Momentum Strike          Conj/Tloc      42%        3d9       3%          2
 Lesser Beckoning         Tloc           30%        N/A       8%          2
 Cigotuvi's Dreadful Rot  Necr/Pois/Air  6%         N/A       30%         2
 Inner Flame              Hex/Fire       17%        N/A       12%         3
 Hailstorm                Conj/Ice       15%        3d5       14%         3
 Vhi's Electric Charge    Tloc/Air       18%        N/A       30%         3
 Arcjolt                  Conj/Air       7%         1d17      78%         5
 Ice Form                 Ice/Tmut       3%         N/A       89%         4
 Freezing Cloud           Conj/Ice/Air   5%         6-21      91%         5
 Simulacrum               Ice/Necr       1%         N/A       100%        6
 Maxwell's Capacitive Co  Air            1%         ∞         100%        8


Dungeon Overview and Level Annotations

Branches:
Dungeon (8/15)             Temple (1/1) D:7            Lair (0/5) D:8
  Sewer (visited)

Altars:
Ashenzari
Dithmenos
Elyvilon
Fedhas
Gozag
Hepliaklqana
Kikubaaqudgha
Nemelex Xobeh
Okawaru
Qazlal
Ru
Sif Muna
Trog
Uskayaw
Vehumet
Wu Jian
Xom
Yredelemnul
Zin
The Shining One

Shops:
D:2 [

Annotations:
D:5 1 runed translucent door, mkat's ghost, novice DrTm


Message History

The cyan ugly thing is severely wounded.
The cyan ugly thing completely misses you.
The cyan ugly thing tail-slaps you. The cyan ugly thing shocks you!
Casting: Volatile Blastmotes (dangerous; 6% risk of failure)
Press: ? - help, Q - select action, (/) - cycle Dir - look around, f - activate A cloud of volatile blastmotes flares up around you!
The cyan ugly thing tail-slaps you! The cyan ugly thing shocks you!
* * * LOW HITPOINT WARNING * * *
The cyan ugly thing attacks as you move away!
The cyan ugly thing tail-slaps you but does no damage.
The cloud of blastmotes explodes!
The concussive blast engulfs the cyan ugly thing!
The cyan ugly thing is severely wounded.
The concussive blast engulfs you!!
* * * LOW HITPOINT WARNING * * *
You are knocked back by the blast.
Okay, then.
Okay, then.
Casting: Blink (safe; 8% risk of failure)
Press: ? - help, Q - select action, (/) - cycle Dir - look around, f - activate You blink.
The cyan ugly thing closely misses you.
Okay, then.
It was a potion of flight.
You feel very buoyant.
You fly up into the air.
The cyan ugly thing barely misses you.
Okay, then.
Okay, then.
You feel better.
The cyan ugly thing tail-slaps you but does no damage.
Casting: Scorch (safe; 1% risk of failure)
Press: ? - help, Q - select action, (/) - cycle Dir - look around, f - activate Flames lash the cyan ugly thing.
The cyan ugly thing is almost dead.
The cyan ugly thing's fire resistance burns away.
You feel stable enough to blink again. The cyan ugly thing tail-slaps you.
* * * LOW HITPOINT WARNING * * *
The cyan ugly thing shocks you!
You die...

##........###.....[....#...
##..##.....###...#.##...#.##
.....#.......#..##..#...#...
#....#.......#..(...#......#
#............#.........###.#
####....#......##..........#
########....##(..#.......#...
#....##.....#....#.......#.##
#####.......#.#.@........)...#...
#......####.###u.##..##..#.....)#
#......#####.........##.##..###[#
#........#....................[.#
##...................(.......#..(
#.......#...................#.##
##......#....###............#...
##.....[...(..#................
##...........#..##.......###..


You could see a cyan ugly thing (combustible).

Vanquished Creatures
  Joseph (D:7)
  Maggie (D:6)
  Grinder (D:4)
  Prince Ribbit (D:7)
  A slime creature (D:8)
  Sigmund (D:3)
  2 steam dragons (D:6)
  Menkaure (D:4)
  2 wargs (D:7)
  2 water moccasins
  Duvessa (D:4)
  3 black bears
  5 ice beasts
  2 ogres
  5 orc warriors
  A centaur (D:8)
  2 phantoms
  5 kobold brigands
  4 scorpions
  3 bullfrogs (D:8)
  A wight (D:8)
  Dowan (D:4)
  A howler monkey (D:5)
  3 jellies
  2 hounds
  6 orc priests
  2 gnoll boudas
  4 iguanas
  Crazy Yiuf (D:7)
  Jessica (D:2)
  11 orc wizards
  19 gnolls
  20 adders
  A river rat (Sewer)
  A shadow imp (D:4)
  2 white imps
  An ufetubus (D:7)
  A worm (Sewer)
  A dart slug (D:4)
  29 orcs
  13 ball pythons
  9 endoplasms
  3 giant cockroaches (D:4)
  2 goblins
  6 hobgoblins
  8 jackals
  10 kobolds
  5 quokkas
  A bat (D:1)
  2 frilled lizards
  9 rats
220 creatures vanquished.

Vanquished Creatures (others)
  An adder (D:6)
  An orc (D:8)
  65 foxfires
67 creatures vanquished.

Grand Total: 287 creatures vanquished

Notes
Turn   | Place    | Note
-------+----------+-------------------------------------------
     0 | D:1      | AgateBread the Hill Orc Fire Elementalist began the quest
                  | for the Orb.
     0 | D:1      | Reached XP level 1. HP: 14/14 MP: 3/3
   649 | D:1      | Reached XP level 2. HP: 20/20 MP: 2/4
   664 | D:1      | Learned a level 2 spell: Scorch
  2065 | D:2      | Reached XP level 3. HP: 16/26 MP: 1/6
  2571 | D:2      | Found Loimu's Antique Armour Shop.
  3212 | D:2      | Found an iron altar of Okawaru.
  3276 | D:2      | Noticed Jessica
  3304 | D:2      | Killed Jessica
  3305 | D:2      | Reached XP level 4. HP: 17/33 MP: 0/7
  3807 | D:3      | Noticed Sigmund
  3840 | D:3      | Found a glowing drain.
  3859 | Sewer    | Entered a sewer
  3888 | Sewer    | Reached XP level 5. HP: 38/38 MP: 6/9
  3921 | Sewer    | Noticed a kobold brigand
  3930 | Sewer    | Killed a kobold brigand
  3931 | Sewer    | Reached skill level 5 in Fire Magic
  3994 | Sewer    | Learned a level 4 spell: Flame Wave
  4237 | Sewer    | Noticed a kobold brigand
  4247 | Sewer    | Killed a kobold brigand
  4248 | Sewer    | Reached XP level 6. HP: 45/45 MP: 6/11
  4256 | Sewer    | Learned a level 3 spell: Volatile Blastmotes
  4589 | Sewer    | Reached XP level 7. HP: 44/50 MP: 2/13
  5116 | D:3      | Killed Sigmund
  5117 | D:3      | Reached skill level 1 in Armour
  5286 | D:3      | Found a broken altar of Ashenzari.
  5300 | D:3      | Found a shimmering blue altar of Sif Muna.
  5303 | D:3      | Found a sparkling altar of Nemelex Xobeh.
  5308 | D:3      | Found a stormy altar of Qazlal.
  5636 | D:2      | Bought an ichor-stained robe for 114 gold pieces
  5636 | D:2      | Identified the +1 robe "Nusaequn" {rC+ Regen+ Int+2} (You
                  | bought it in a shop on level 2 of the Dungeon)
  5741 | D:4      | Noticed Menkaure
  5948 | D:4      | Noticed Grinder
  5961 | D:4      | Killed Grinder
  5962 | D:4      | Reached XP level 8. HP: 63/63 MP: 6/14
  5985 | D:4      | Noticed Duvessa
  5987 | D:4      | Noticed Dowan
  5993 | D:5      | Entered Level 5 of the Dungeon
  6935 | D:5      | Reached skill level 5 in Fighting
  7179 | D:5      | Found a runed translucent door.
  7179 | D:5      | Noticed mkat's ghost (novice DrTm)
  7179 | D:5      | Noticed a wyvern
  7523 | D:4      | Killed Menkaure
  7524 | D:4      | Reached skill level 5 in Armour
  7652 | D:4      | Killed Dowan
  7653 | D:4      | Reached XP level 9. HP: 70/75 MP: 2/15
  8088 | D:4      | Killed Duvessa
  8865 | D:6      | Noticed Maggie
  8875 | D:6      | Killed Maggie
  8917 | D:6      | Found a hazy altar of Hepliaklqana.
  8917 | D:6      | Found a glowing silver altar of Zin.
  9200 | D:6      | Found a hazy altar of Hepliaklqana.
  9936 | D:6      | Found a bloodstained altar of Trog.
  9965 | D:6      | Found a shimmering altar of Xom.
 10157 | D:7      | Reached XP level 10. HP: 88/88 MP: 10/16
 10200 | D:7      | Learned a level 2 spell: Blink
 10438 | D:7      | Reached skill level 5 in Conjurations
 10916 | D:7      | Found a staircase to the Ecumenical Temple.
 10925 | Temple   | Entered the Ecumenical Temple
 11026 | Temple   | Became a worshipper of Vehumet
 11182 | D:7      | Noticed Joseph
 11194 | D:7      | Killed Joseph
 11195 | D:7      | Reached skill level 1 in Long Blades
 11195 | D:7      | Reached skill level 1 in Translocations
 11883 | D:7      | Found a runed translucent door.
 11884 | D:7      | Noticed Crazy Yiuf
 11891 | D:7      | Killed Crazy Yiuf
 12187 | D:7      | Noticed Prince Ribbit
 12207 | D:7      | Killed Prince Ribbit
 12884 | D:2      | Bought a pair of gloves for 90 gold pieces
 15149 | D:8      | Noticed a cyan ugly thing
 15528 | D:8      | Learned a level 3 spell: Ignite Poison
 15894 | D:8      | Found a staircase to the Lair.
 16060 | D:8      | HP: 4/88 [shot self (20)]
 16064 | D:8      | Slain by a cyan ugly thing

Illustrated notes

Levels and vault maps discovered:
D:1:      roderic_octagonal_star, layout_loops_cross, serial_bayou_pond_e,
          palyth_stone_intersect, roderic_lattice_a
D:2:      layout_loops_corners, serial_shops, nicolae_shop_tiny_statue_garden,
          basic_altar, grunt_decor_arrowhead, nicolae_elevator_lobby_plus,
          uniq_jessica
D:3:      layout_rooms, grunt_temple_overflow_cloverleaf, portal_sewer_entry_d,
          uniq_sigmund
D:4:      layout_cave_pools, dreamdust_princess_bridge, dk_rats_in_the_wall,
          uniq_grinder, uniq_menkaure, uniq_duvessa
D:5:      layout_loops_cross, ebering_ghost_inner_flame
D:6:      kennysheep_steamy, layout_rooms, old_standard_altar,
          nicolae_overflow_two_pavilions, minmay_misc_feat_roman,
          hangedman_feature_mirror, st_stairs_4, uniq_maggie
D:7:      layout_loops_ring, temple_hall, uniq_prince_ribbit1,
          uniq_crazy_yiuf_cottage, uniq_joseph
D:8:      hangedman_cross_stitches, layout_cave_pools, slow_altar_2,
          erik_lair_orcish_takeover
Temple:   nicolae_temple_bog_church

Skill      XL: |  1  2  3  4  5  6  7  8  9 10 |
---------------+-------------------------------+-----
Spellcasting   | 2 3 4 |  4.0
Fire Magic     | 4 5 6 7 8 |  8.0
Fighting       | 3 6 8 |  8.0
Armour         | 3 5 7 8 |  8.0
Conjurations   | 4 7 |  7.0
Long Blades    | 4 |  4.5
Translocations | 3 |  3.4
Dodging        | |  1.5
Stealth        | |  1.5

Action                     |  1- 3 |  4- 6 |  7- 9 | 10-12 || total
---------------------------+-------+-------+-------+-------++-------
  Melee: Dagger            |    26 |       |       |       ||    26
         Short sword       |     7 |     9 |     5 |       ||    21
         Punch             |     1 |       |       |     1 ||     2
         Halberd           |       |       |    91 |       ||    91
         Long sword        |       |       |       |    79 ||    79
         Falchion          |       |       |       |    26 ||    26
  Throw: Dart              |     1 |     9 |     7 |     3 ||    20
         Stone             |       |     6 |       |       ||     6
         Throwing net      |       |       |     1 |     1 ||     2
         Boomerang         |       |       |       |     3 ||     3
   Cast: Foxfire           |    12 |     3 |    10 |    12 ||    37
         Scorch            |    29 |    32 |   141 |    87 ||   289
         Volatile Blastmot |       |       |     3 |    10 ||    13
         Flame Wave        |       |       |     2 |     9 ||    11
         Blink             |       |       |       |     2 ||     2
         Ignite Poison     |       |       |       |     1 ||     1
  Evoke: Wand              |       |       |     7 |     7 ||    14
    Use: Scroll            |     1 |     3 |     8 |     5 ||    17
         Potion            |     1 |       |     1 |     6 ||     8
 Armour: Robe              |     5 |     6 |    48 |       ||    59
         Acid dragon scale |       |       |     4 |    68 ||    72
  Dodge: Dodged            |    25 |    16 |   154 |   120 ||   315
